 Dungeon Crawl Stone Soup version 0.27.0-1-g7a089689b8 (webtiles) character file.

Game seed: 14687702899689869949

347 Brandom the Caller (level 6, -2/44 (46) HPs)
             Began as a Merfolk Summoner on Aug 11, 2021.
             Was a Follower of Makhleb.
             Slain by a wight (12 damage)
             ... on level 7 of the Dungeon.
             The game lasted 00:14:07 (3703 turns).

Brandom the Caller (Merfolk Summoner)               Turns: 3703, Time: 00:14:07

HP:   -2/44 (46)    AC:  3    Str: 10    XL:     6   Next: 59%
MP:   7/10          EV: 13    Int: 15    God:    Makhleb [*.....]
Gold: 265           SH:  0    Dex: 14    Spells: 10/11 levels left

rFire    . . .     SeeInvis .   o - +2 spear (venom)
rCold    . . .     Faith    .   (no shield)
rNeg     . . .     Spirit   .   a - +0 robe
rPois    .         Reflect  .   (no helmet)
rElec    .         Harm     .   (no cloak)
rCorr    .         Rampage  .   s - +0 pair of gloves
Will     .....                  (no boots)
Stlth    ++........             e - amulet of regeneration
HPRegen  1.14/turn              (no ring)
MPRegen  0.12/turn              (no ring)

@: lethally poisoned (-2 -> -3), lightly drained
A: (nimble swimmer 2), mertail
a: Renounce Religion


You were on level 7 of the Dungeon.
You worshipped Makhleb.
Makhleb was aware of your devotion.
You visited 1 branch of the dungeon, and saw 5 of its levels.

You collected 265 gold pieces.

Inventory:

Hand Weapons
 d - a +0 club
   (You took it off a goblin on level 1 of the Dungeon)
 g - a +0 short sword
   (You took it off a kobold on level 1 of the Dungeon)
 h - a +1 short sword of protection
   (You took it off a kobold on level 1 of the Dungeon)
 l - a +2 long sword of electrocution
   (You found it on level 2 of the Dungeon)
 o - a +2 spear of venom (weapon)
   (You found it on level 2 of the Dungeon)
Missiles
 c - 8 boomerangs of dispersal {!f}
Armour
 a - a +0 robe (worn)
 s - a +0 pair of gloves (worn)
   (You found it on level 3 of the Dungeon)
Jewellery
 e - an amulet of regeneration (around neck)
   (You found it on level 1 of the Dungeon)
 m - an amulet of reflection
   (You found it on level 2 of the Dungeon)
 u - an amulet of faith {!P}
   (You found it on level 3 of the Dungeon)
Wands
 r - a wand of charming (20)
   (You found it on level 3 of the Dungeon)
 x - a wand of acid (5)
   (You found it on level 3 of the Dungeon)
Scrolls
 b - a scroll of teleportation {unknown}
 f - a scroll of brand weapon {unknown}
 p - 3 scrolls of immolation {unknown}
 q - 2 scrolls of enchant weapon {unknown}
Potions
 i - a potion of ambrosia {unknown}
 j - a potion of degeneration {unknown}
 k - a potion of might {unknown}
 n - 2 potions of curing {unknown}
 t - a potion of brilliance {unknown}


   Skills:
 + Level 2.9 Fighting
 + Level 3.0 Polearms
 + Level 4.5 Dodging
 - Level 2.1 Stealth
 - Level 3.0 Spellcasting
 + Level 5.0 Summonings
 + Level 2.1 Invocations


You had 10 spell levels left.
You knew the following spells:

 Your Spells              Type           Power      Damage    Failure   Level
a - Summon Small Mammal   Summ           68%        N/A       2%          1

Your spell library contained the following spells:

 Spells                   Type           Power      Damage    Failure   Level
 Call Imp                 Summ           17%        N/A       3%          2
 Call Canine Familiar     Summ           17%        N/A       8%          3
 Apportation              Tloc           4%         N/A       21%         1
 Summon Guardian Golem    Hex/Summ       9%         N/A       22%         3
 Summon Lightning Spire   Summ/Air       9%         N/A       56%         4
 Alistair's Intoxication  Tmut/Pois      1%         N/A       99%         5
 Invisibility             Hex            1%         N/A       100%        6


Dungeon Overview and Level Annotations

Branches:
Dungeon (4/15)
 Temple: D:4-7

Altars:
Makhleb

Shops:
D:1 ?

Portals:
Bailey: D:7


Innate Abilities, Weirdness & Mutations

((You are quick and stealthy near water. (Stealth+, EV+, Speed+++)))
Your lower body shifts to a powerful aquatic tail in water.


Message History

You hear the faint creaking of a portcullis very nearby.
A necrophage comes into view.
Found 6 gold pieces.
Found a flagged portal. 2 wights come into view.
A wight is wielding a +3 hand axe of freezing.
A wight is wielding a +1 spear of venom.
Your bat misses the wight.
Your bat hits the wight but does no damage. x2
Your rat barely misses the wight.
You hit the wight but do no damage.
Your bat barely misses the wight. x2
The wight misses you.
The wight hits you with a +3 hand axe of freezing!
The wight freezes you. The wight closely misses your rat.
The wight hits your bat with a +3 hand axe of freezing!
The wight freezes your bat.
Your bat dies!
Your bat's corpse disappears in a puff of smoke!
Your rat bites the wight.
The wight completely misses you. The wight barely misses your quokka.
The wight hits your rat with a +3 hand axe of freezing.
The wight freezes your rat.
Your rat dies!
Your rat's corpse disappears in a puff of smoke!
Your quokka bites the wight.
The wight closely misses you.
The wight hits you with a +3 hand axe of freezing!
* * * LOW HITPOINT WARNING * * *
You feel drained.
* * * LOW HITPOINT WARNING * * *
The wight freezes you.
* * * LOW HITPOINT WARNING * * *
The wight hits your quokka with a +3 hand axe of freezing.
The wight freezes your quokka.
Your quokka bites the wight.
The wight hits you from afar with a +1 spear of venom.
* * * LOW HITPOINT WARNING * * *
You are poisoned.
You feel very sick.
Your bat hits the wight but does no damage.
The wight barely misses your quokka.
The wight hits your bat with a +3 hand axe of freezing!
The wight freezes your bat.
Your bat dies!
Your bat's corpse disappears in a puff of smoke!
Your quokka closely misses the wight.
You feel sick.
Your quokka bites the wight but does no damage.
The wight misses you.
You hit the wight.
You feel sick.
Your quokka bites the wight but does no damage.
The wight hits you with a +3 hand axe of freezing!
You die...

#8....∩....8.#####
##............# #
z.z...........#####
#..8.....8...##...
#.....8......##...
######..# #.##...
#..z....# #..####
#.r.....# #..## #
#@z.....+ ...# #
#§......######.###
#.................
#.......#######.#.
#.......# #.#.
######+## #.#. #..#
.... ##..


You could see 2 wights and a friendly quokka (summoned).

Vanquished Creatures
  A sky beast (D:7)
  3 orc priests (D:3)
  An iguana (D:7)
  3 gnolls (D:3)
  3 adders
  2 shadow imps (D:3)
  2 orcs (D:4)
  2 endoplasms (D:1)
  2 giant cockroaches
  5 goblins
  4 hobgoblins
  5 jackals (D:1)
  2 kobolds
  3 quokkas (D:1)
  7 ball pythons
  3 bats
  A frilled lizard (D:2)
  2 rats
51 creatures vanquished.

Vanquished Creatures (collateral kills)
  A ball python (D:1)
  An endoplasm (D:1)
  A giant cockroach (D:1)
  A hobgoblin (D:1)
  5 jackals (D:1)
  2 bats (D:1)
  A frilled lizard (D:1)
  2 kobolds (D:1)
14 creatures vanquished.

Vanquished Creatures (others)
  An orc wizard (D:4)
  12 fungi
  3 plants (D:3)
16 creatures vanquished.

Grand Total: 81 creatures vanquished

Notes
Turn   | Place    | Note
-------+----------+-------------------------------------------
     0 | D:1      | Brandom the Merfolk Summoner began the quest for the Orb.
     0 | D:1      | Reached XP level 1. HP: 13/13 MP: 3/3
   332 | D:1      | Reached XP level 2. HP: 3/20 MP: 1/5
  1196 | D:1      | Reached skill level 1 in Fighting
  1313 | D:1      | Found Upsual's Magic Scroll Shoppe.
  1369 | D:1      | Reached XP level 3. HP: 26/26 MP: 2/6
  1730 | D:2      | Found a faded altar of an unknown god.
  1735 | D:2      | Became a worshipper of Makhleb the Destroyer
  1735 | D:2      | Reached * piety under Makhleb
  2398 | D:3      | Found a transporter.
  2401 | D:3      | Reached XP level 4. HP: 33/33 MP: 7/7
  2416 | D:3      | Found a transporter.
  2552 | D:3      | Reached skill level 1 in Polearms
  2552 | D:3      | Reached XP level 5. HP: 29/38 MP: 9/9
  2602 | D:3      | Reached skill level 1 in Invocations
  3557 | D:4      | Reached XP level 6. HP: 38/46 MP: 10/10
  3622 | D:4      | You fall into a shaft and drop 3 floors!
  3647 | D:7      | Noticed a sky beast
  3656 | D:7      | Killed a sky beast
  3657 | D:7      | Reached skill level 5 in Summonings
  3675 | D:7      | Noticed a necrophage
  3685 | D:7      | Found a flagged portal.
  3703 | D:7      | Slain by a wight

Illustrated notes

Levels and vault maps discovered:
D:1:      eino_arrival_druids_welcome, layout_basic, serial_shops,
          nicolae_square_shop
D:2:      layout_loops_ring, hellmonk_ecumenical_altar_run_dry,
          chequers_serial_rivers_small_3
D:3:      gammafunk_wand_slinger, layout_basic, serial_rivers,
          chequers_serial_rivers_micro_a, chequers_serial_rivers_small_b,
          chequers_serial_rivers_micro_c, chequers_serial_rivers_marsh,
          chequers_serial_rivers_micro_c
D:4:      kennysheep_spiral_hall, layout_rooms, serial_aquarium,
          aquarium_bridge_square [aquarium_subvault_bridge,
          aquarium_subvault_wall, aquarium_subvault_bridge,
          aquarium_subvault_wall], aquarium_bridge_straight
          [aquarium_subvault_bridge, aquarium_subvault_wall,
          aquarium_subvault_bridge, aquarium_subvault_window],
          aquarium_window_corner, aquarium_window_3, aquarium_view_4,
          aquarium_view_2b, aquarium_pool_2
D:7:      layout_basic, minmay_temple_entry_water_ring, enter_bailey_6,
          serial_shops, shop, minmay_misc_feat_secret_circle,
          nicolae_shop_overcharged_wands, uniq_crazy_yiuf_cottage,
          uniq_menkaure, uniq_duvessa

Skill      XL: |  1  2  3  4  5  6 |
---------------+-------------------+-----
Dodging        | 3 4 |  4.5
Fighting       | 1 2 |  2.9
Polearms       | 1 2 3 |  3.0
Invocations    | 1 2 |  2.1
Spellcasting   | 3 |  3.0
Summonings     | 5 |  5.0
Stealth        | |  2.1

Action                   |  1- 3 |  4- 6 || total
-------------------------+-------+-------++-------
Melee: Club              |    24 |       ||    24
       Unarmed           |     2 |       ||     2
       Short sword       |    77 |       ||    77
       Spear             |    19 |    88 ||   107
       Long sword        |    16 |       ||    16
 Cast: Summon Small Mamm |    24 |     7 ||    31
 Stab: Sleeping          |     5 |     1 ||     6
Armor: Robe              |    63 |    10 ||    73
Dodge: Dodged            |   173 |    32 ||   205
       Rpst.: Long sword |     6 |       ||     6
